[Event "FIDE WYCC Girls U16 2023"]
[Site "Montesilvano"]
[Date "2023.11.14"]
[Round "2.25"]
[White "Bruessow, Nina"]
[Black "Rice, Lauren"]
[Result "1-0"]
[ECO "B76"]
[WhiteElo "1863"]
[BlackElo "1529"]
[Annotator "NA"]
[PlyCount "61"]
[EventDate "2023.11.13"]
[EventType "swiss"]
[EventCountry "ITA"]
[SourceTitle "playchess.com"]
[Source "ChessBase"]
[SourceQuality "1"]
[TimeControl "40/5400+30:1800+30"]

1. e4 c5 2. Nf3 d6 3. d4 cxd4 4. Nxd4 Nf6 5. Nc3 g6 6. Be3 Bg7 7. f3 O-O 8. Qd2 Nc6 9. g4 Be6 10. Nxe6 fxe6 11. O-O-O Ne5 12. Be2 Qc8 13. h4 Nfd7 14. Bd4 Nxf3 15. Bxf3 Bxd4 16. Qxd4 Rxf3 17. h5 Ne5 18. hxg6 hxg6 19. Qg1 Qf8 20. Ne2 Rf2 21. Nd4 Qf4+ 22. Kb1 Rf8 23. Nxe6 Qxe4 24. Rc1 Rg2 25. Rh8+ Kf7 26. Ng5+ Kg7 27. Rh7+ Kg8 28. Qh1 Qe3 29. Rh8+ Kg7 30. Qh6+ Kf6 31. Rxf8+ 1-0

[Event "FIDE WYCC Girls U16 2023"]
[Site "Montesilvano"]
[Date "2023.11.14"]
[Round "2.26"]
[White "Pragnya H G"]
[Black "Kayis, Gulcan Sena"]
[Result "1/2-1/2"]
[ECO "C02"]
[WhiteElo "1679"]
[BlackElo "1859"]
[Annotator "NA"]
[PlyCount "73"]
[EventDate "2023.11.13"]
[EventType "swiss"]
[EventCountry "ITA"]
[SourceTitle "playchess.com"]
[Source "ChessBase"]
[SourceQuality "1"]
[TimeControl "40/5400+30:1800+30"]

1. e4 e6 2. d4 d5 3. e5 c5 4. c3 Nc6 5. Nf3 Bd7 6. Be2 f6 7. O-O fxe5 8. dxe5 Nh6 9. Bxh6 gxh6 10. c4 d4 11. Bd3 Qc7 12. Re1 O-O-O 13. Na3 Be8 14. Be4 a6 15. Nc2 Bh5 16. Qd3 Bg7 17. Bxc6 Qxc6 18. b4 Bxf3 19. gxf3 Rhf8 20. Re4 b6 21. a4 Rf5 22. b5 Qc7 23. f4 Rdf8 24. Qd2 a5 25. Ne1 h5 26. Ng2 Bh6 27. Ra3 Qf7 28. Rf3 h4 29. Kf1 Rh5 30. h3 Rg8 31. Ne1 Qg6 32. Qd3 Rf5 33. Qd2 Rh5 34. Qd3 Rf5 35. Qd2 Qg1+ 36. Ke2 Qg6 37. Kf1 1/2-1/2

[Event "FIDE WYCC Girls U16 2023"]
[Site "Montesilvano"]
[Date "2023.11.14"]
[Round "2.27"]
[White "Schebacher, Solene"]
[Black "Di Fabio, Sara"]
[Result "1-0"]
[ECO "B12"]
[WhiteElo "1859"]
[BlackElo "1517"]
[Annotator "NA"]
[PlyCount "59"]
[EventDate "2023.11.13"]
[EventType "swiss"]
[EventCountry "ITA"]
[SourceTitle "playchess.com"]
[Source "ChessBase"]
[SourceQuality "1"]
[TimeControl "40/5400+30:1800+30"]

1. e4 c6 2. d4 d5 3. e5 Bf5 4. h4 h5 5. Bd3 Bxd3 6. Qxd3 e6 7. Bg5 Qb6 8. Nd2 c5 9. c4 Qxb2 10. Rd1 Nc6 11. Ne2 cxd4 12. cxd5 exd5 13. Rb1 Qa3 14. Qb5 Qa6 15. Qxd5 Nb4 16. Qe4 Nd3+ 17. Kf1 Bc5 18. Rxb7 Rc8 19. e6 Nf6 20. Bxf6 gxf6 21. Rxf7 Be7 22. Kg1 Ne5 23. Rg7 Qxa2 24. Qb7 Qxe6 25. Nxd4 Qd7 26. Qxd7+ Nxd7 27. Kh2 Bd6+ 28. g3 Rb8 29. Re1+ Kf8 30. Rxd7 1-0

[Event "FIDE WYCC Girls U16 2023"]
[Site "Montesilvano"]
[Date "2023.11.14"]
[Round "2.28"]
[White "Kovacs, Reka"]
[Black "Young, Anna Ovidia"]
[Result "1/2-1/2"]
[ECO "B11"]
[WhiteElo "1840"]
[BlackElo "1502"]
[Annotator "NA"]
[PlyCount "61"]
[EventDate "2023.11.13"]
[EventType "swiss"]
[EventCountry "ITA"]
[SourceTitle "playchess.com"]
[Source "ChessBase"]
[SourceQuality "1"]
[TimeControl "40/5400+30:1800+30"]

1. e4 c6 2. Nc3 d5 3. Nf3 dxe4 4. Nxe4 Nf6 5. Qe2 Nxe4 6. Qxe4 Nd7 7. Bc4 e6 8. O-O Nf6 9. Qe2 Bd6 10. d4 O-O 11. Ne5 Qc7 12. Re1 b6 13. Bd3 Bb7 14. h3 c5 15. Bg5 Nd5 16. Bxh7+ Kxh7 17. Qh5+ Kg8 18. Re4 Nf6 19. Bxf6 Bxe4 20. Ng4 gxf6 21. Nxf6+ Kg7 22. Qg5+ Bg6 23. Nh5+ Kh7 24. Nf6+ Kg7 25. Nh5+ Kh7 26. Nf6+ Kg7 27. Nh5+ Kh7 28. Nf6+ Kg7 29. Nh5+ Kh7 30. Nf6+ Kg7 31. Nh5+ 1/2-1/2

[Event "FIDE WYCC Girls U16 2023"]
[Site "Montesilvano"]
[Date "2023.11.14"]
[Round "2.29"]
[White "Deak-Sala, Emilia"]
[Black "Amulya Guruprasad"]
[Result "1-0"]
[ECO "A40"]
[WhiteElo "1927"]
[BlackElo "1466"]
[Annotator "NA"]
[PlyCount "133"]
[EventDate "2023.11.13"]
[EventType "swiss"]
[EventCountry "ITA"]
[SourceTitle "playchess.com"]
[Source "ChessBase"]
[SourceQuality "1"]
[TimeControl "40/5400+30:1800+30"]

1. e4 c5 2. Nf3 g6 3. d4 cxd4 4. Nxd4 Bg7 5. c4 Qb6 6. Nb5 a6 7. N5c3 Bd4 8. Qe2 e6 9. g3 Nc6 10. Bg2 d6 11. O-O Rb8 12. Nd2 Nge7 13. Nf3 Bg7 14. Rd1 Qc7 15. Bf4 Ne5 16. Nxe5 dxe5 17. Bg5 O-O 18. Bxe7 Qxe7 19. a3 Bd7 20. b4 Rfc8 21. Rac1 a5 22. Bf1 Bh6 23. Rb1 Be8 24. Qb2 axb4 25. axb4 Bg7 26. c5 b6 27. cxb6 Rxb6 28. b5 Rcb8 29. Rdc1 R6b7 30. Na4 Bxb5 31. Bxb5 Rxb5 32. Qxb5 Rxb5 33. Rxb5 Bf6 34. Rc8+ Kg7 35. Nc5 Qd6 36. Rb7 Be7 37. Rd7 Qxc5 38. Rxc5 Bxc5 39. Kf1 h5 40. f3 Be3 41. Ke2 Bg1 42. h3 Bc5 43. Kd3 Bf2 44. g4 hxg4 45. fxg4 Bh4 46. Kc4 Bf2 47. Kb5 g5 48. Kc6 Kg6 49. Re7 Kf6 50. Kd7 Bc5 51. Re8 Kg7 52. Rc8 Bd4 53. Ke7 Bb2 54. Rc7 Kg6 55. Kf8 f5 56. Rg7+ Kh6 57. Kf7 Bc1 58. Rg6+ Kh7 59. gxf5 exf5 60. exf5 e4 61. Re6 e3 62. Ke8 Bb2 63. f6 e2 64. f7 Ba3 65. Rxe2 Kg6 66. Re7 Bxe7 67. Kxe7 1-0

[Event "FIDE WYCC Girls U16 2023"]
[Site "Montesilvano"]
[Date "2023.11.14"]
[Round "2.30"]
[White "Glover, Sharon"]
[Black "Lobo Pereira, Arami"]
[Result "0-1"]
[ECO "B33"]
[WhiteElo "1584"]
[BlackElo "2013"]
[Annotator "NA"]
[PlyCount "64"]
[EventDate "2023.11.13"]
[EventType "swiss"]
[EventCountry "ITA"]
[SourceTitle "playchess.com"]
[Source "ChessBase"]
[SourceQuality "1"]
[TimeControl "40/5400+30:1800+30"]

1. e4 c5 2. Nf3 Nc6 3. d4 cxd4 4. Nxd4 Nf6 5. Nc3 e5 6. Ndb5 d6 7. Nd5 Nxd5 8. exd5 Nb8 9. a4 Be7 10. Bd2 O-O 11. Be2 a6 12. Na3 Nd7 13. Nc4 b6 14. O-O f5 15. f4 Bb7 16. Bc3 b5 17. Ba5 Qc8 18. Ne3 Qc5 19. Qd2 exf4 20. Rxf4 Bg5 21. Bb4 Qb6 22. a5 Qa7 23. Bxd6 Rfe8 24. Ra3 Nf6 25. Kh1 Ne4 26. Rxe4 Rxe4 27. b4 Bxe3 28. Qd3 Qd4 29. Bc5 Qxd3 30. Bxd3 Bc1 31. Bxe4 Bxa3 32. Bf3 Rd8 0-1

[Event "FIDE WYCC Girls U16 2023"]
[Site "Montesilvano"]
[Date "2023.11.14"]
[Round "2.31"]
[White "Conde Mares, Vanya Briseyda"]
[Black "Ruchinskaya, Valerie"]
[Result "1-0"]
[ECO "C02"]
[WhiteElo "1566"]
[BlackElo "1903"]
[Annotator "NA"]
[PlyCount "101"]
[EventDate "2023.11.13"]
[EventType "swiss"]
[EventCountry "ITA"]
[SourceTitle "playchess.com"]
[Source "ChessBase"]
[SourceQuality "1"]
[TimeControl "40/5400+30:1800+30"]

1. e4 e6 2. d4 d5 3. e5 c5 4. c3 Nc6 5. Nf3 Bd7 6. Be2 Nge7 7. O-O Ng6 8. g3 Be7 9. h4 f6 10. h5 Ngxe5 11. dxe5 fxe5 12. Bb5 Bf6 13. Re1 e4 14. Nh2 Qb6 15. Be2 O-O 16. Ng4 Ne5 17. Nxf6+ Rxf6 18. Bf4 Nf7 19. b3 e5 20. Bd2 Rf8 21. g4 h6 22. Rf1 Qe6 23. Na3 Ng5 24. Bxg5 Rf3 25. Qxd5 Qxd5 26. Bc4 Qxc4 27. Nxc4 hxg5 28. Nxe5 Bc6 29. Nxf3 exf3 30. Kh2 Rf4 31. Rg1 Bd7 32. Kh3 Kf7 33. Rae1 Kf6 34. Re3 b5 35. Rd3 Be6 36. Rg3 c4 37. Rd4 Ke5 38. bxc4 bxc4 39. Rd8 Rf6 40. Rg1 Rh6 41. Kg3 Kf6 42. Kxf3 g6 43. hxg6 Kxg6 44. Kg3 Rh4 45. f3 Rh7 46. Re1 Kf7 47. Rd6 Bc8 48. Rc6 Bd7 49. Rc7 Kf6 50. Rxa7 Rg7 51. Rc7 1-0

[Event "FIDE WYCC Girls U16 2023"]
[Site "Montesilvano"]
[Date "2023.11.14"]
[Round "2.32"]
[White "Putar, Lara"]
[Black "Cymbron, Victoria"]
[Result "1-0"]
[ECO "A40"]
[WhiteElo "1892"]
[BlackElo "1563"]
[Annotator "NA"]
[PlyCount "61"]
[EventDate "2023.11.13"]
[EventType "swiss"]
[EventCountry "ITA"]
[SourceTitle "playchess.com"]
[Source "ChessBase"]
[SourceQuality "1"]
[TimeControl "40/5400+30:1800+30"]

1. d4 e6 2. c4 Bb4+ 3. Bd2 Qe7 4. e3 Bxd2+ 5. Qxd2 Nf6 6. Nc3 d6 7. Nf3 O-O 8. Be2 Nc6 9. O-O e5 10. d5 Nb8 11. Qc2 Re8 12. b4 Bg4 13. Rac1 a5 14. a3 axb4 15. axb4 Nbd7 16. Nb5 Nf8 17. Rfd1 b6 18. Ra1 Qd7 19. Ra2 Rac8 20. Ra7 Ng6 21. Rda1 Re7 22. Rb7 Ne8 23. h3 Bxf3 24. Bxf3 Qd8 25. Na7 Ra8 26. Ra2 Kh8 27. Nc6 Qc8 28. Rxa8 Qxa8 29. Ra7 Qc8 30. Nxe7 Nxe7 31. Qa4 1-0

[Event "FIDE WYCC Girls U16 2023"]
[Site "Montesilvano"]
[Date "2023.11.14"]
[Round "2.33"]
[White "Selvik, Elma"]
[Black "Maton, Emily"]
[Result "1/2-1/2"]
[ECO "C00"]
[WhiteElo "1540"]
[BlackElo "1837"]
[Annotator "NA"]
[PlyCount "274"]
[EventDate "2023.11.13"]
[EventType "swiss"]
[EventCountry "ITA"]
[SourceTitle "playchess.com"]
[Source "ChessBase"]
[SourceQuality "1"]
[TimeControl "40/5400+30:1800+30"]

1. e4 e6 2. d3 d5 3. Nd2 Nf6 4. g3 dxe4 5. dxe4 Nc6 6. Bg2 Bc5 7. Ngf3 e5 8. O-O O-O 9. Qe2 Bb6 10. Nc4 Qe7 11. Bg5 h6 12. Bxf6 Qxf6 13. c3 Be6 14. b4 Bxc4 15. Qxc4 Ne7 16. Rad1 Rad8 17. a4 c6 18. Qb3 Bc7 19. c4 Qe6 20. Qc3 Ng6 21. c5 f5 22. Bh3 Qf6 23. Qc4+ Kh8 24. exf5 Ne7 25. Rxd8 Rxd8 26. Qe4 Nd5 27. Rd1 Re8 28. Rd3 a6 29. Nh4 Qg5 30. Ng6+ Kh7 31. f4 Qh5 32. g4 Nf6 33. Qe2 e4 34. gxh5 exd3 35. Qxd3 Nd5 36. Qc4 Re1+ 37. Kf2 Rb1 38. Nf8+ Kh8 39. Ng6+ Kh7 40. Nf8+ Kh8 41. Ne6 Rxb4 42. Qc2 Bxf4 43. Nxf4 Nxf4 44. Qc3 Nd5 45. Qe5 Nf6 46. a5 Ne4+ 47. Ke3 Nf6 48. Qb8+ Kh7 49. Bg2 Rb3+ 50. Kd4 Rb4+ 51. Kc3 Rb5 52. Kc4 Nd7 53. Qd6 Nf6 54. Qd8 Rb2 55. Bf3 Rc2+ 56. Kb4 Rxh2 57. Qd6 Rb2+ 58. Kc3 Rb5 59. Bxc6 bxc6 60. Qxc6 Rxa5 61. Kb4 Ra1 62. Qe6 Rb1+ 63. Ka5 Rb5+ 64. Kxa6 Rxc5 65. Kb6 Rc1 66. Qf7 Rh1 67. Kc6 Rxh5 68. Qe6 Rh1 69. Qf7 Rc1+ 70. Kd6 Rd1+ 71. Ke5 Re1+ 72. Kf4 h5 73. Kg3 Rg1+ 74. Kh4 Rg4+ 75. Kh3 Rg5 76. Qe6 Rg1 77. Kh2 Rf1 78. Kg2 Rc1 79. Qe3 Rc2+ 80. Kh3 Rc4 81. Qe6 Re4 82. Qf7 Rf4 83. Qe6 Re4 84. Qf7 Re5 85. Qg6+ Kg8 86. Qg5 Ra5 87. Qf4 Ra3+ 88. Kh4 Ra1 89. Kg3 Rg1+ 90. Kh3 Rg4 91. Qe3 Kh7 92. Qf3 Re4 93. Kg2 Rb4 94. Kh3 Ra4 95. Qb3 Ra1 96. Kg2 Ra5 97. Qf3 Rc5 98. Kh3 Rc4 99. Kh2 Rh4+ 100. Kg3 Rg4+ 101. Kh3 Rc4 102. Kg2 Rc5 103. Kh3 Rc7 104. Kg2 Re7 105. Kh3 Re4 106. Kh2 Ng4+ 107. Kg2 Re5 108. Kg1 Re1+ 109. Kg2 Re3 110. Qc6 Nf6 111. Kf2 Re4 112. Kf3 Rg4 113. Qd6 Rg5 114. Qf4 Rg1 115. Kf2 Rg4 116. Qe3 h4 117. Qh3 Ne4+ 118. Ke2 Nf6 119. Kf2 Kh6 120. Qe3+ Rg5 121. Qf4 h3 122. Qh4+ Rh5 123. Qf4+ Kh7 124. Kg1 h2+ 125. Kh1 Rh6 126. Qg3 Ne4 127. Qe3 Nd6 128. Qg5 Ne4 129. Qg2 Nf6 130. Qg3 Ng8 131. Qg5 Nf6 132. Qg3 Rh5 133. Qf4 Nd5 134. Qg4 Rh6 135. Qg3 Ne7 136. Qg5 Ng8 137. Qg3 Nf6 1/2-1/2

[Event "FIDE WYCC Girls U16 2023"]
[Site "Montesilvano"]
[Date "2023.11.14"]
[Round "2.34"]
[White "Janouskova, Adela"]
[Black "Karimova, Guldona"]
[Result "0-1"]
[ECO "B33"]
[WhiteElo "1534"]
[BlackElo "1835"]
[Annotator "NA"]
[PlyCount "92"]
[EventDate "2023.11.13"]
[EventType "swiss"]
[EventCountry "ITA"]
[SourceTitle "playchess.com"]
[Source "ChessBase"]
[SourceQuality "1"]
[TimeControl "40/5400+30:1800+30"]

1. e4 c5 2. Nf3 a6 3. a4 Nc6 4. d4 cxd4 5. Nxd4 Nf6 6. Nc3 e5 7. Nf5 d5 8. exd5 Bxf5 9. dxc6 Qxd1+ 10. Nxd1 bxc6 11. Ne3 Be6 12. Nc4 Nd5 13. Nxe5 Nb4 14. Bd3 f6 15. Nf3 O-O-O 16. O-O Nxd3 17. cxd3 Rxd3 18. Be3 Bd6 19. Nd4 Bd7 20. Rfd1 Rxd1+ 21. Rxd1 Kc7 22. Nb3 Re8 23. Nc5 Bc8 24. Rc1 g5 25. Nb3 Be6 26. Na5 Bd5 27. Nc4 Bb4 28. Nb6 Bg8 29. Nc4 Bd5 30. Nb6 Bb3 31. h3 Rxe3 32. Na8+ Kb7 33. fxe3 Bd2 34. Rf1 Bxe3+ 35. Kh1 Bd4 36. Rf3 Bd5 37. Rd3 Be5 38. b4 Kxa8 39. b5 Kb7 40. bxc6+ Kxc6 41. Kg1 Kc5 42. Kf2 Be4 43. Rb3 Kc4 44. Ra3 Kb4 45. Ra2 Bb1 46. Rd2 Kxa4 0-1

[Event "FIDE WYCC Girls U16 2023"]
[Site "Montesilvano"]
[Date "2023.11.14"]
[Round "2.35"]
[White "Ahn, Anastasia"]
[Black "Djukic, Katarina"]
[Result "0-1"]
[ECO "D00"]
[WhiteElo "1795"]
[BlackElo "1536"]
[Annotator "NA"]
[PlyCount "78"]
[EventDate "2023.11.13"]
[EventType "swiss"]
[EventCountry "ITA"]
[SourceTitle "playchess.com"]
[Source "ChessBase"]
[SourceQuality "1"]
[TimeControl "40/5400+30:1800+30"]

1. d4 Nf6 2. Nc3 d5 3. Bf4 g6 4. e3 Bg7 5. Nb5 Na6 6. h3 O-O 7. Nf3 Ne4 8. Be2 c6 9. Nc3 Qa5 10. O-O Nxc3 11. bxc3 Qxc3 12. Bxa6 bxa6 13. Rb1 Qa5 14. Rb3 c5 15. Ne5 Bxe5 16. Bxe5 f6 17. Bf4 Bd7 18. Qf3 Bc6 19. Qg4 Kf7 20. Rb2 Bb5 21. Rfb1 Rac8 22. Qf3 Rfd8 23. dxc5 Rxc5 24. g4 d4 25. g5 Bc6 26. Qg4 fxg5 27. Bb8 Rf5 28. Bxa7 Bf3 29. Qg3 Qd5 30. Qc7 Rd7 31. Qc5 Qxc5 32. Bxc5 Rxc5 33. exd4 Rxd4 34. Rb6 Ra4 35. R1b3 Bd5 36. Re3 Rxa2 37. Rb4 Ra1+ 38. Kh2 Rh1+ 39. Kg3 Rg1+ 0-1

[Event "FIDE WYCC Girls U16 2023"]
[Site "Montesilvano"]
[Date "2023.11.15"]
[Round "3.1"]
[White "Shvedova, Alexandra"]
[Black "Peglau, Dora"]
[Result "1-0"]
[ECO "C54"]
[WhiteElo "2170"]
[BlackElo "1937"]
[Annotator "ChessBase"]
[PlyCount "97"]
[EventDate "2023.11.13"]
[EventType "swiss"]
[EventCountry "ITA"]
[SourceTitle "playchess.com"]
[Source "ChessBase"]
[SourceQuality "1"]
[TimeControl "40/5400+30:1800+30"]

1. e4 e5 2. Nf3 Nc6 3. Bc4 Bc5 4. O-O Nf6 5. d3 h6 6. c3 d6 7. a4 a5 8. Re1 O-O 9. h3 Be6 10. Nbd2 Qd7 11. Bb3 Bxb3 12. Nxb3 Bb6 13. Nh4 Rfe8 14. Qf3 Qe6 15. Nd2 d5 16. Nf1 Rad8 17. Ng3 Ne7 18. Ngf5 dxe4 19. dxe4 Nxf5 20. Nxf5 Kh7 21. h4 h5 22. Be3 Ng4 23. Bxb6 Qxb6 24. Ne3 Nxe3 25. Qxh5+ Kg8 26. Rxe3 Qxb2 27. Rf1 Rd6 28. Rf3 Qb3 29. Qf5 Rf6 30. Qd7 Qe6 31. Qd3 Rxf3 32. Qxf3 Rd8 33. h5 Qd6 34. Qg3 Kf8 35. Qg5 b6 36. Re1 Qe7 37. Qf5 Rd2 38. g3 Qd6 39. Re3 Rd1+ 40. Kg2 Qc5 41. Qc8+ Ke7 42. Qg4 Rd2 43. Rf3 Kf8 44. Qc8+ Ke7 45. Qg8 Qc4 46. Qxg7 Rd1 47. Qxe5+ Kd8 48. Kh3 Rh1+ 49. Kg4 1-0

[Event "FIDE WYCC Girls U16 2023"]
[Site "Montesilvano"]
[Date "2023.11.15"]
[Round "3.2"]
[White "Khuslen, Erdenebayar"]
[Black "Zelbova, Lada"]
[Result "1-0"]
[ECO "D35"]
[WhiteElo "1906"]
[BlackElo "2057"]
[Annotator "NA"]
[PlyCount "59"]
[EventDate "2023.11.13"]
[EventType "swiss"]
[EventCountry "ITA"]
[SourceTitle "playchess.com"]
[Source "ChessBase"]
[SourceQuality "1"]
[TimeControl "40/5400+30:1800+30"]

1. d4 d5 2. c4 e6 3. Nc3 Nf6 4. cxd5 exd5 5. Bg5 c6 6. e3 Bd6 7. Bd3 O-O 8. Qc2 h6 9. Bh4 Re8 10. Nf3 Be6 11. O-O Nbd7 12. h3 Qc7 13. Bxf6 Nxf6 14. Rab1 a5 15. a3 Qe7 16. Ne5 Bd7 17. f4 c5 18. Nxd7 Qxe3+ 19. Kh1 Nxd7 20. Nxd5 Qe6 21. Bc4 Qe4 22. Qa4 Rad8 23. Qxa5 cxd4 24. Rbd1 Nb8 25. Qb5 Nc6 26. Qxb7 Na5 27. Nf6+ Kh8 28. Qxe4 Rxe4 29. Nxe4 Nxc4 30. Rxd4 1-0

[Event "FIDE WYCC Girls U16 2023"]
[Site "Montesilvano"]
[Date "2023.11.15"]
[Round "3.3"]
[White "Kheerthi Ganta"]
[Black "Shohradova, Leyla"]
[Result "0-1"]
[ECO "A57"]
[WhiteElo "2030"]
[BlackElo "1782"]
[Annotator "NA"]
[PlyCount "76"]
[EventDate "2023.11.13"]
[EventType "swiss"]
[EventCountry "ITA"]
[SourceTitle "playchess.com"]
[Source "ChessBase"]
[SourceQuality "1"]
[TimeControl "40/5400+30:1800+30"]

1. d4 Nf6 2. c4 c5 3. d5 b5 4. Qc2 bxc4 5. e4 Ba6 6. Bxc4 Bxc4 7. Qxc4 d6 8. b3 g6 9. Bb2 Bg7 10. Nd2 O-O 11. Ne2 Nbd7 12. Rd1 Re8 13. Nc3 Nh5 14. g3 Nb6 15. Qd3 e6 16. O-O exd5 17. exd5 Qd7 18. Rfe1 Qg4 19. Rxe8+ Rxe8 20. Qf3 Qd7 21. Nc4 f5 22. Bc1 Nf6 23. Bf4 Nxc4 24. bxc4 Ng4 25. Nb5 Ne5 26. Bxe5 Bxe5 27. Qa3 f4 28. Kg2 a6 29. Qxa6 Rf8 30. Qa7 Qf5 31. Rf1 fxg3 32. hxg3 Qf3+ 33. Kg1 Bxg3 34. Qa3 Bxf2+ 35. Kh2 Bg3+ 36. Kh3 Qxf1+ 37. Kxg3 Qg1+ 38. Kh3 Qf2 0-1

[Event "FIDE WYCC Girls U16 2023"]
[Site "Montesilvano"]
[Date "2023.11.15"]
[Round "3.4"]
[White "Begic, Klara"]
[Black "Kaldarova, Ayaulym"]
[Result "1/2-1/2"]
[ECO "A40"]
[WhiteElo "1877"]
[BlackElo "2005"]
[Annotator "NA"]
[PlyCount "103"]
[EventDate "2023.11.13"]
[EventType "swiss"]
[EventCountry "ITA"]
[SourceTitle "playchess.com"]
[Source "ChessBase"]
[SourceQuality "1"]
[TimeControl "40/5400+30:1800+30"]

1. d4 e6 2. c4 b6 3. e4 Bb4+ 4. Nc3 Bb7 5. f3 Qh4+ 6. g3 Bxc3+ 7. bxc3 Qe7 8. Bg2 d6 9. Ne2 Nf6 10. Qb3 Nc6 11. Ba3 Nd7 12. e5 Na5 13. Qa4 O-O 14. O-O Ba6 15. f4 Rad8 16. Rfd1 Bxc4 17. Nc1 c5 18. Nb3 Bxb3 19. axb3 dxe5 20. fxe5 Qg5 21. dxc5 Qe3+ 22. Kh1 Qxc3 23. c6 Nc5 24. Bxc5 Rxd1+ 25. Rxd1 Qxc5 26. b4 Qc4 27. c7 Qxc7 28. bxa5 bxa5 29. Ra1 Qxe5 30. Qxa5 Qf6 31. Qxa7 g6 32. Rf1 Qe5 33. Qa1 Qxa1 34. Rxa1 Kg7 35. Kg1 Rd8 36. Ra2 Rd7 37. Kf2 Rc7 38. Be4 Rc5 39. Rc2 Re5 40. Kf3 Ra5 41. Bc6 Rf5+ 42. Ke4 h5 43. Bd7 Kf6 44. Rc3 Ke7 45. Ba4 h4 46. g4 Rf2 47. Rc2 f5+ 48. Ke3 Rxc2 49. Bxc2 fxg4 50. Kf4 g3 51. Ke4 Kf6 52. Bb3 1/2-1/2

[Event "FIDE WYCC Girls U16 2023"]
[Site "Montesilvano"]
[Date "2023.11.15"]
[Round "3.5"]
[White "Trunz, Michelle"]
[Black "Sana Omprakash Kayyar"]
[Result "1-0"]
[ECO "D53"]
[WhiteElo "1997"]
[BlackElo "1562"]
[Annotator "NA"]
[PlyCount "113"]
[EventDate "2023.11.13"]
[EventType "swiss"]
[EventCountry "ITA"]
[SourceTitle "playchess.com"]
[Source "ChessBase"]
[SourceQuality "1"]
[TimeControl "40/5400+30:1800+30"]

1. d4 d5 2. c4 e6 3. Nc3 Nf6 4. Bg5 Be7 5. Nf3 O-O 6. Rc1 b6 7. cxd5 Nxd5 8. Nxd5 exd5 9. Bxe7 Qxe7 10. g3 Ba6 11. e3 Bxf1 12. Kxf1 Qd7 13. Kg2 Rc8 14. Qd3 Nc6 15. Ng5 g6 16. h4 h5 17. Rhe1 Nd8 18. Nf3 Ne6 19. Ne5 Qe7 20. Qb5 c5 21. Rcd1 Rc7 22. a4 Rac8 23. Rd2 Qd6 24. b3 cxd4 25. exd4 Rc3 26. a5 Nc7 27. Qd7 Qxd7 28. Nxd7 Rd8 29. axb6 Rxd7 30. bxc7 Rcxc7 31. Ra2 Rb7 32. Ra5 f6 33. Ra6 Rb6 34. Rxb6 axb6 35. Re6 Kf7 36. Rxb6 Rc7 37. Kf3 Rc2 38. Ke3 Rb2 39. b4 Ke7 40. b5 Rb3+ 41. Kd2 Rf3 42. Rb7+ Kd6 43. Ke2 Rb3 44. b6 Rb2+ 45. Ke3 Rb3+ 46. Kd2 Rb2+ 47. Kc3 Rxf2 48. Rf7 Rf3+ 49. Kb2 Rf2+ 50. Ka3 Rf3+ 51. Ka4 Rf1 52. Ka5 Ra1+ 53. Kb5 Rb1+ 54. Ka6 Ke6 55. Rc7 Kd6 56. Rc5 g5 57. b7 1-0

[Event "FIDE WYCC Girls U16 2023"]
[Site "Montesilvano"]
[Date "2023.11.15"]
[Round "3.6"]
[White "Zhou, Shumeng"]
[Black "Nurmanova, Alua"]
[Result "1/2-1/2"]
[ECO "E62"]
[WhiteElo "1559"]
[BlackElo "2367"]
[Annotator "RC"]
[PlyCount "128"]
[EventDate "2023.11.13"]
[EventType "swiss"]
[EventCountry "ITA"]
[SourceTitle "playchess.com"]
[Source "ChessBase"]
[SourceQuality "1"]
[TimeControl "40/5400+30:1800+30"]

1. Nf3 Nf6 2. g3 g6 3. Bg2 Bg7 4. O-O O-O 5. c4 d6 6. d4 Nc6 7. Nc3 Bf5 8. Re1 a6 9. b3 Rb8 10. e4 Bg4 11. h3 Bxf3 12. Bxf3 e5 13. d5 Nd4 14. Be3 Nxf3+ 15. Qxf3 Nd7 16. Qg2 f5 17. f3 f4 18. Bf2 fxg3 19. Qxg3 Nf6 20. Be3 Qe7 21. Ne2 Rf7 22. Rac1 c5 23. dxc6 bxc6 24. Rcd1 a5 25. Nc3 Rbf8 26. Rf1 Nh5 27. Qg4 Nf4 28. Bxf4 exf4 29. Ne2 Be5 30. Qg2 c5 31. Rd3 Qf6 32. Rc1 h5 33. Nc3 g5 34. Nd5 Qe6 35. Kf2 Rg7 36. Rh1 Rb8 37. a4 Bd4+ 38. Ke2 Qe5 39. Rb1 Kf7 40. Kd2 Rbg8 41. Rf1 Ke8 42. Qh2 Kd7 43. Kc2 Kc6 44. Re1 Kb7 45. Re2 Qe6 46. h4 Be5 47. hxg5 Rxg5 48. Qh4 Qf7 49. Red2 Rg1 50. Rd1 R1g2+ 51. R1d2 Rg1 52. Rd1 R1g2+ 53. R1d2 R8g5 54. Rxg2 Rxg2+ 55. Rd2 Rg8 56. Rh2 Qe6 57. Rd2 Qf7 58. Rh2 Qf8 59. Rd2 Rh8 60. Rg2 Ka6 61. Nc7+ Kb6 62. Nd5+ Ka6 63. Nc7+ Kb6 64. Nd5+ Ka6 1/2-1/2

[Event "FIDE WYCC Girls U16 2023"]
[Site "Montesilvano"]
[Date "2023.11.15"]
[Round "3.7"]
[White "Maria, Lia-Alexandra"]
[Black "Schippke, Manon"]
[Result "1-0"]
[ECO "E68"]
[WhiteElo "1877"]
[BlackElo "2110"]
[Annotator "NA"]
[PlyCount "79"]
[EventDate "2023.11.13"]
[EventType "swiss"]
[EventCountry "ITA"]
[SourceTitle "playchess.com"]
[Source "ChessBase"]
[SourceQuality "1"]
[TimeControl "40/5400+30:1800+30"]

1. Nf3 Nf6 2. c4 g6 3. d4 Bg7 4. g3 O-O 5. Bg2 d6 6. O-O Nbd7 7. Nc3 e5 8. e4 Re8 9. Re1 b6 10. h3 exd4 11. Nxd4 Bb7 12. Bg5 h6 13. Bxf6 Nxf6 14. Qc2 Nd7 15. Rad1 h5 16. Nd5 c6 17. Ne3 h4 18. g4 Be5 19. Nf3 Bf4 20. Bf1 Qf6 21. Ng2 Ne5 22. Ngxh4 Bg5 23. Nxe5 dxe5 24. Ng2 Kg7 25. c5 Rad8 26. Qb3 b5 27. Rxd8 Rxd8 28. Rd1 Rd4 29. Rxd4 exd4 30. Qg3 Qd8 31. b4 Bc8 32. f4 Be7 33. f5 Kg8 34. Bd3 g5 35. Ne1 a5 36. a3 axb4 37. axb4 Bd7 38. e5 Be8 39. f6 Bf8 40. Qf3 1-0

[Event "FIDE WYCC Girls U16 2023"]
[Site "Montesilvano"]
[Date "2023.11.15"]
[Round "3.8"]
[White "Ter-Avetisjana, Agnesa Stepania"]
[Black "Bruessow, Nina"]
[Result "1/2-1/2"]
[ECO "B51"]
[WhiteElo "2105"]
[BlackElo "1863"]
[Annotator "NA"]
[PlyCount "110"]
[EventDate "2023.11.13"]
[EventType "swiss"]
[EventCountry "ITA"]
[SourceTitle "playchess.com"]
[Source "ChessBase"]
[SourceQuality "1"]
[TimeControl "40/5400+30:1800+30"]

1. e4 c5 2. Nf3 d6 3. Bb5+ Nd7 4. c3 Ngf6 5. Qe2 a6 6. Ba4 b5 7. Bc2 Bb7 8. O-O e6 9. d4 Be7 10. Re1 O-O 11. Nbd2 Qc7 12. Nf1 Rfc8 13. Bd3 b4 14. e5 Bxf3 15. gxf3 Nd5 16. c4 N5b6 17. exd6 Bxd6 18. Be3 Nf6 19. Ng3 Nbd7 20. b3 Rd8 21. Rad1 a5 22. Be4 Ra6 23. d5 Be5 24. dxe6 Rxe6 25. Bf5 Ree8 26. Qc2 Bc3 27. Bd2 Bd4 28. Rxe8+ Rxe8 29. Re1 Rxe1+ 30. Bxe1 g6 31. Be4 Qe5 32. Bd2 Kg7 33. f4 Qe7 34. Bf3 Kg8 35. Kg2 h5 36. Qd3 Ng4 37. Bxg4 hxg4 38. Be3 Bxe3 39. fxe3 Nf6 40. e4 Kg7 41. e5 Qb7+ 42. Kf2 Nh5 43. Nxh5+ gxh5 44. Kg3 Qh1 45. Qe3 Qa1 46. Qf2 Qc3+ 47. Kh4 Kh6 48. Qf1 Qe3 49. f5 Qg5+ 50. Kg3 h4+ 51. Kg2 Qe3 52. e6 h3+ 53. Kh1 Qe4+ 54. Kg1 Qe3+ 55. Qf2 Qc1+ 1/2-1/2